 Dungeon Crawl Stone Soup version 0.24.0-13-gcf9b3192b9 (webtiles) character file.

Game seed: 6345488931099142361, levelgen mode: deterministic

13517 OleJ the Archer (level 12, 0/83 HPs)
             Began as a Gnoll Hunter on Nov 9, 2019.
             Was a High Priest of Okawaru.
             Slain by a manticore (13 damage)
             ... on level 12 of the Dungeon.
             The game lasted 00:43:32 (11985 turns).

OleJ the Archer (Gnoll Hunter)                     Turns: 11985, Time: 00:43:33

Health: 0/83       AC: 15    Str: 24    XL:     12   Next: 6%
Magic:  22/22      EV: 18    Int: 14    God:    Okawaru [*****.]
Gold:   390        SH:  7    Dex: 25    Spells: 24/24 levels left

rFire    . . .     SeeInvis .   o - +9 trident "Ysasistriun" {drain, MR++ Dex+3}
rCold    . . .     Gourm    .   J - +0 buckler
rNeg     . . .     Faith    +   m - +0 scale mail
rPois    .         Spirit   .   b - +1 helmet
rElec    .         Reflect  .   x - +1 cloak
rCorr    .         Harm     .   E - +2 pair of gloves {Str+3}
MR       ++...                  (no boots)
Stlth    +++.......             g - amulet of faith
HPRegen  0.23/turn              c - +4 ring of dexterity
MPRegen  0.18/turn              H - +4 ring of strength

@: no status effects
A: distributed training, fangs 2, frail 1, strong nose
a: Heroism, Finesse, Renounce Religion


You were on level 12 of the Dungeon.
You worshipped Okawaru.
Okawaru was extremely pleased with you.
You were not hungry.

You visited 1 branch of the dungeon, and saw 12 of its levels.

You collected 803 gold pieces.
You spent 413 gold pieces at shops.

Inventory:

Hand Weapons
 a - a +2 shortbow
 o - the +9 trident "Ysasistriun" (weapon) {drain, MR++ Dex+3}
   (You found it on level 10 of the Dungeon)

   A truly terrible weapon, it drains the life of those it strikes.
   It affects your dexterity (+3).
   It affects your resistance to hostile enchantments.
 q - a +2 hand axe of venom
 A - a +0 war axe
 M - a +0 arbalest
Missiles
 d - 116 arrows
 i - 25 poisoned darts (quivered)
 F - 25 bolts
Armour
 b - a +1 helmet (worn)
 e - the +1 robe "Kitwuz" {rF+, unknown}
   (You found it on level 6 of the Dungeon)

   It protects you from fire.
 m - a +0 scale mail (worn)
 v - a +0 pair of gloves
 x - a +1 cloak (worn)
 E - a +2 pair of gloves of strength (worn)
 J - a +0 buckler (worn)
 R - a +1 ring mail of cold resistance
Jewellery
 c - a +4 ring of dexterity (left hand)
 g - an amulet of faith (around neck)
 n - an uncursed ring of positive energy
 r - an uncursed ring of flight {unknown}
 C - an uncursed amulet of the gourmand {unknown}
 H - a +4 ring of strength (right hand)
 N - an uncursed amulet of magic regeneration {unknown}
 P - an uncursed ring of ice
Wands
 t - a wand of acid (7)
 y - a wand of disintegration (8)
 B - a wand of clouds (5)
 G - a wand of random effects (19)
 K - a wand of flame (21)
Scrolls
 l - a scroll of enchant weapon
 p - 8 scrolls of remove curse
 s - 3 scrolls of amnesia
 u - 2 scrolls of magic mapping
 w - 3 scrolls of identify
 z - a scroll of random uselessness
 L - 3 scrolls of teleportation
 O - a scroll of fear {unknown}
Potions
 h - 2 potions of mutation
 j - 3 potions of curing
 k - 4 potions of flight
Miscellaneous
 D - a crystal ball of energy
Comestibles
 f - 22 rations


   Skills:
 + Level 8.3 Fighting
 + Level 6.8 Short Blades
 + Level 6.8 Long Blades
 + Level 6.8 Axes
 + Level 6.8 Maces & Flails
 + Level 6.8 Polearms
 + Level 6.8 Staves
 + Level 6.8 Slings
 + Level 10.8 Bows
 + Level 6.8 Crossbows
 + Level 6.8 Throwing
 + Level 6.8 Armour
 + Level 8.3 Dodging
 + Level 7.2 Stealth
 + Level 6.8 Shields
 + Level 6.8 Unarmed Combat
 + Level 6.8 Spellcasting
 + Level 5.6 Conjurations
 + Level 5.6 Hexes
 + Level 5.6 Charms
 + Level 5.6 Summonings
 + Level 5.6 Necromancy
 + Level 5.6 Translocations
 + Level 5.6 Transmutations
 + Level 5.6 Fire Magic
 + Level 5.6 Ice Magic
 + Level 5.6 Air Magic
 + Level 5.6 Earth Magic
 + Level 5.6 Poison Magic
 + Level 7.4 Invocations
 + Level 6.8 Evocations


You had 24 spell levels left.
You didn't know any spells.
Your spell library contained the following spells:

 Spells                   Type           Power        Failure   Level  Hunger
 Animate Skeleton         Necr           N/A          3%          1    None
 Apportation              Tloc           ###...       3%          1    None
 Confusing Touch          Hex            ###...       3%          1    None
 Summon Small Mammal      Summ           ###.         3%          1    None


Dungeon Overview and Level Annotations

Branches:
Dungeon (12/15)            Temple (0/1) D:7            Lair (0/6) D:8
    Orc (0/2) D:11

Altars:
Cheibriados
Dithmenos
Elyvilon
Gozag
Hepliaklqana
Kikubaaqudgha
Nemelex Xobeh
Okawaru
Ru
Sif Muna
Wu Jian
Xom
Yredelemnul
The Shining One

Shops:
D:5 *   D:8 (=%*=   D:10 *

Annotations:
D:4 3 runed translucent doors, mopl's ghost, amateur DgEn
D:6 1 runed translucent door, exclusion: door
D:7 2 transporters, Ratty's ghost, novice DENe
D:8 exclusion: two-headed ogre


Innate Abilities, Weirdness & Mutations

Your experience applies equally to all skills.
You have extremely sharp teeth.
Your uncanny sense of smell can sniff out nearby items.
You are frail. (-10% HP)


Message History

The manticore is severely wounded.
You block the manticore's attack. The manticore claws you.
* * * LOW HITPOINT WARNING * * *
The manticore misses you.
It was a potion of magic.
Magic courses through your body. The manticore barely misses you.
You block the manticore's attack. x2
You puncture the manticore! You drain the manticore.
The manticore is almost dead.
The manticore closely misses you. You block the manticore's attack.
The manticore misses you.
You hit the manticore but do no damage.
The manticore is almost dead.
The manticore misses you. The manticore claws you.
* * * LOW HITPOINT WARNING * * *
The manticore barely misses you.
You hit the manticore but do no damage.
The manticore is almost dead.
You carefully extract the barbed spikes from your body.
The manticore bites you!
You die...

.....%...H...Zl###)###[#
#.#
#.........##.#....)....#
#.#
##.#########.#.##.#.####
#.# # #.#...###.# #.# ∆
#######.####.#.##
####.## ∆ ........#
##.## #.....# #. #..#
### #.##..#
#.####..###### #.#...# #
#.........H@.# #.#.#.#
##.###.####..####.#
#.....# ........H....#
#.# ###.###
#......###.## #.# ##.#
#.####.# #.# #.# #..#
#.###.#.##.# #.# #.##
#....###...# #.# #.#
######.#.#### ##.## #.#
...###.########.#.## #.#


You could see a manticore.

Vanquished Creatures
  Snorg (D:12)
  Fannar (D:12)
  A hydra (D:9)
  A deep elf mage (D:10)
  An ugly thing (D:11)
  A cyclops (D:12)
  A gargoyle (D:11)
  2 centaur zombies (D:9)
  A kobold demonologist (D:12)
  2 trolls
  Grinder (D:5)
  4 hippogriffs
  3 shadows (D:11)
  7 yaks
  A vampire (D:9)
  A human (D:10)
  8 vampire mosquitoes
  A soldier ant (D:12)
  Duvessa (D:4)
  2 eyes of draining (D:9)
  5 sky beasts
  4 ice beasts
  5 ogres
  A necrophage (D:10)
  3 phantoms
  A big kobold (D:4)
  A wyvern zombie (D:10)
  7 bullfrogs
  6 scorpions
  Dowan (D:4)
  6 killer bees (D:9)
  3 howler monkeys (D:9)
  4 bullfrog zombies
  9 crimson imps
  6 hounds
  A quasit (D:8)
  8 orc priests
  3 jellies
  2 bullfrog skeletons
  10 orc wizards
  A centaur skeleton (D:6)
  3 iguanas
  4 worker ants
  3 hound skeletons
  A worker ant zombie (D:5)
  3 gnolls (D:8)
  A howler monkey skeleton (D:10)
  10 adders
  An ooze (D:2)
  An adder zombie (D:6)
  An adder skeleton (D:4)
  A worm (D:3)
  7 leopard geckos
  68 orcs
  3 giant cockroaches
  3 hobgoblins
  24 kobolds
  7 quokkas
  2 ball pythons
  5 bats
  3 frilled lizards
  8 goblins
  A leopard gecko skeleton (D:4)
  21 rats (D:2)
309 creatures vanquished.

Notes
Turn   | Place    | Note
-------+----------+-------------------------------------------
     0 | D:1      | OleJ the Gnoll Hunter began the quest for the Orb.
     0 | D:1      | Reached XP level 1. HP: 20/20 MP: 1/1
    27 | D:1      | You fall into a shaft and drop 1 floor!
    62 | D:2      | Reached XP level 2. HP: 21/26 MP: 2/2
   160 | D:2      | Reached XP level 3. HP: 25/31 MP: 3/3
   352 | D:2      | Reached skill level 1 in Invocations
   480 | D:2      | Reached skill level 1 in Short Blades
   480 | D:2      | Reached skill level 1 in Long Blades
   480 | D:2      | Reached skill level 1 in Axes
   480 | D:2      | Reached skill level 1 in Maces & Flails
   480 | D:2      | Reached skill level 1 in Polearms
   480 | D:2      | Reached skill level 1 in Staves
   480 | D:2      | Reached skill level 1 in Slings
   480 | D:2      | Reached skill level 1 in Crossbows
   480 | D:2      | Reached skill level 1 in Throwing
   480 | D:2      | Reached skill level 1 in Armour
   480 | D:2      | Reached skill level 1 in Shields
   480 | D:2      | Reached skill level 1 in Unarmed Combat
   480 | D:2      | Reached skill level 1 in Spellcasting
   480 | D:2      | Reached skill level 1 in Evocations
   480 | D:2      | Reached XP level 4. HP: 10/38 MP: 5/5
   810 | D:2      | Found a shimmering altar of Xom.
  1052 | D:3      | Reached skill level 1 in Conjurations
  1052 | D:3      | Reached skill level 1 in Hexes
  1052 | D:3      | Reached skill level 1 in Charms
  1052 | D:3      | Reached skill level 1 in Summonings
  1052 | D:3      | Reached skill level 1 in Necromancy
  1052 | D:3      | Reached skill level 1 in Translocations
  1052 | D:3      | Reached skill level 1 in Transmutations
  1052 | D:3      | Reached skill level 1 in Fire Magic
  1052 | D:3      | Reached skill level 1 in Ice Magic
  1052 | D:3      | Reached skill level 1 in Air Magic
  1052 | D:3      | Reached skill level 1 in Earth Magic
  1052 | D:3      | Reached skill level 1 in Poison Magic
  1099 | D:3      | Reached XP level 5. HP: 43/43 MP: 6/6
  1813 | D:4      | Noticed Dowan
  1826 | D:4      | Killed Dowan
  1892 | D:4      | Noticed Duvessa
  1921 | D:4      | Reached XP level 6. HP: 35/50 MP: 8/8
  1926 | D:4      | Killed Duvessa
  1926 | D:4      | Reached skill level 5 in Fighting
  1926 | D:4      | Reached skill level 5 in Dodging
  2395 | D:4      | Found a runed translucent gate.
  2395 | D:4      | Found a runed translucent gate.
  2399 | D:4      | Found a runed translucent gate.
  2399 | D:4      | Noticed mopl's ghost (amateur DgEn)
  2447 | D:4      | Reached XP level 7. HP: 56/56 MP: 10/10
  2775 | D:4      | Found an opulent altar of Gozag.
  2852 | D:4      | Reached skill level 9 in Bows
  3258 | D:5      | Entered Level 5 of the Dungeon
  3288 | D:5      | Reached XP level 8. HP: 63/63 MP: 12/12
  3432 | D:5      | Found Xister's Assorted Antiques.
  3579 | D:5      | Bought a ring of dexterity for 40 gold pieces
  3694 | D:5      | Found a shadowy altar of Dithmenos.
  4121 | D:6      | Noticed Grinder
  4124 | D:5      | Gained mutation: You are frail. (-10% HP) [potion of
                  | mutation]
  4124 | D:5      | Gained mutation: You have extremely sharp teeth. [potion of
                  | mutation]
  4126 | D:5      | Paralysed by Grinder for 3 turns
  4150 | D:5      | Killed Grinder
  4701 | D:6      | Reached XP level 9. HP: 59/62 MP: 14/14
  4758 | D:6      | Found a runed translucent door.
  4770 | D:6      | Got a fabulously ornate robe
  5198 | D:7      | Found an iron altar of Okawaru.
  5213 | D:7      | Became a worshipper of Warmaster Okawaru
  5270 | D:7      | Found a staircase to the Ecumenical Temple.
  5400 | D:7      | Found a transporter.
  5406 | D:7      | Noticed a moth of wrath
  5412 | D:7      | Noticed Ratty's ghost (novice DENe)
  5438 | D:7      | Noticed a hornet
  5763 | D:7      | Found a transporter.
  5884 | D:7      | Noticed a cyclops
  6157 | D:8      | Reached * piety under Okawaru
  6676 | D:8      | Reached skill level 5 in Stealth
  7087 | D:8      | Reached skill level 5 in Invocations
  7182 | D:8      | Found a staircase to the Lair.
  7193 | D:8      | Found Peukie's Food Shoppe.
  7266 | D:8      | Found a sparkling altar of Nemelex Xobeh.
  7279 | D:8      | Found an ancient bone altar of Kikubaaqudgha.
  7280 | D:8      | Found an ornate altar of the Wu Jian Council.
  7280 | D:8      | Found a snail-covered altar of Cheibriados.
  7280 | D:8      | Found a hazy altar of Hepliaklqana.
  7280 | D:8      | Found a sacrificial altar of Ru.
  7281 | D:8      | Found a white marble altar of Elyvilon.
  7282 | D:8      | Found a glowing golden altar of the Shining One.
  7283 | D:8      | Found a shimmering blue altar of Sif Muna.
  7295 | D:8      | Noticed a two-headed ogre
  7386 | D:8      | Found Jaaly's Jewellery Boutique.
  7424 | D:8      | Found Liceolut's Weapon Shoppe.
  7465 | D:8      | Found Quwn's General Store.
  7468 | D:8      | Bought a scroll of magic mapping for 49 gold pieces
  7567 | D:9      | Reached ** piety under Okawaru
  7567 | D:9      | Reached XP level 10. HP: 69/69 MP: 15/17
  7655 | D:8      | Found Luwesk's Jewellery Shoppe.
  7658 | D:8      | Bought a +4 ring of strength for 324 gold pieces
  7990 | D:9      | Found a basalt altar of Yredelemnul.
  8028 | D:9      | Reached skill level 5 in Short Blades
  8028 | D:9      | Reached skill level 5 in Long Blades
  8028 | D:9      | Reached skill level 5 in Axes
  8028 | D:9      | Reached skill level 5 in Maces & Flails
  8028 | D:9      | Reached skill level 5 in Polearms
  8028 | D:9      | Reached skill level 5 in Staves
  8028 | D:9      | Reached skill level 5 in Slings
  8028 | D:9      | Reached skill level 5 in Crossbows
  8028 | D:9      | Reached skill level 5 in Throwing
  8028 | D:9      | Reached skill level 5 in Armour
  8028 | D:9      | Reached skill level 5 in Shields
  8028 | D:9      | Reached skill level 5 in Unarmed Combat
  8028 | D:9      | Reached skill level 5 in Spellcasting
  8028 | D:9      | Reached skill level 5 in Evocations
  8115 | D:9      | Reached *** piety under Okawaru
  8169 | D:9      | Noticed a five-headed hydra
  8227 | D:9      | Reached skill level 10 in Bows
  8238 | D:10     | Entered Level 10 of the Dungeon
  8305 | D:10     | Got a steaming trident
  8306 | D:10     | Identified the +9 trident "Ysasistriun" {drain, MR++ Dex+3}
                  | (You found it on level 10 of the Dungeon)
  8394 | D:10     | Found Abuwurch's Elemental Accessories.
  8450 | D:10     | Noticed a deep elf mage
  8489 | D:10     | Killed a deep elf mage
  8489 | D:10     | Reached **** piety under Okawaru
  8571 | D:10     | Received a gift from Okawaru
  8612 | D:10     | Received a gift from Okawaru
  9209 | D:9      | Killed a five-headed hydra
  9209 | D:9      | Received a gift from Okawaru
  9209 | D:9      | Reached XP level 11. HP: 11/75 MP: 19/19
 10283 | D:11     | Reached skill level 5 in Conjurations
 10283 | D:11     | Reached skill level 5 in Hexes
 10283 | D:11     | Reached skill level 5 in Charms
 10283 | D:11     | Reached skill level 5 in Summonings
 10283 | D:11     | Reached skill level 5 in Necromancy
 10283 | D:11     | Reached skill level 5 in Translocations
 10283 | D:11     | Reached skill level 5 in Transmutations
 10283 | D:11     | Reached skill level 5 in Fire Magic
 10283 | D:11     | Reached skill level 5 in Ice Magic
 10283 | D:11     | Reached skill level 5 in Air Magic
 10283 | D:11     | Reached skill level 5 in Earth Magic
 10283 | D:11     | Reached skill level 5 in Poison Magic
 10454 | D:11     | Reached ***** piety under Okawaru
 10897 | D:11     | Received a gift from Okawaru
 11170 | D:11     | Found a staircase to the Orcish Mines.
 11324 | D:11     | Noticed a brown ugly thing
 11333 | D:11     | Killed a brown ugly thing
 11407 | D:12     | Noticed a cyclops
 11414 | D:12     | Killed a cyclops
 11531 | D:12     | Noticed Snorg
 11550 | D:12     | Killed Snorg
 11685 | D:12     | Noticed Fannar
 11699 | D:12     | Killed Fannar
 11699 | D:12     | Reached XP level 12. HP: 35/83 MP: 20/22
 11985 | D:12     | Slain by a manticore

Levels and vault maps discovered:
D:1:      dpeg_arrival_water_temple_mockup, layout_basic, minmay_pentomino_u4
D:2:      layout_rooms, lemuel_round_altar, first_ration, minmay_rat_hole
D:3:      layout_basic
D:4:      kennysheep_kobold_camp, layout_basic, grunt_gozag_statues,
          ebering_ghost_rock_garden, lightli_corner_chamber, uniq_duvessa
D:5:      layout_loops_ring, nicolae_dithmenos_shadow_blocks, serial_shops,
          nicolae_shop_waterfront
D:6:      layout_cave_pools, lightli_church_of_beogh, uniq_grinder
D:7:      minmay_chambers_of_sixes, layout_basic, minmay_temple_entry_junction,
          gammafunk_ghost_berserking_beasts, basic_altar
D:8:      layout_rooms, minitemple, lair_entry_dummy, serial_shops,
          nicolae_shop_behind_doors, nicolae_shop_behind_doors, shop,
          nicolae_shop_crystal, shop, chequers_ossuary_entry_cave
D:9:      layout_roguey [special_room_orc], basic_altar
D:10:     layout_stronghold, hangedman_stone_soup, nicolae_elemental_shop
D:11:     layout_basic, orc_0_dummy
D:12:     layout_loops_ring, basic_altar, uniq_snorg, uniq_fannar

Skill      XL: |  1  2  3  4  5  6  7  8  9 10 11 |
---------------+----------------------------------+-----
Invocations    | 1 2 3 4 5 6 7 |  7.4
Short Blades   | 1 2 3 4 5 6 |  6.8
Long Blades    | 1 2 3 4 5 6 |  6.8
Axes           | 1 2 3 4 5 6 |  6.8
Maces & Flails | 1 2 3 4 5 6 |  6.8
Polearms       | 1 2 3 4 5 6 |  6.8
Staves         | 1 2 3 4 5 6 |  6.8
Slings         | 1 2 3 4 5 6 |  6.8
Crossbows      | 1 2 3 4 5 6 |  6.8
Throwing       | 1 2 3 4 5 6 |  6.8
Armour         | 1 2 3 4 5 6 |  6.8
Shields        | 1 2 3 4 5 6 |  6.8
Unarmed Combat | 1 2 3 4 5 6 |  6.8
Spellcasting   | 1 2 3 4 5 6 |  6.8
Evocations     | 1 2 3 4 5 6 |  6.8
Conjurations   | 1 2 3 4 5 |  5.6
Hexes          | 1 2 3 4 5 |  5.6
Charms         | 1 2 3 4 5 |  5.6
Summonings     | 1 2 3 4 5 |  5.6
Necromancy     | 1 2 3 4 5 |  5.6
Translocations | 1 2 3 4 5 |  5.6
Transmutations | 1 2 3 4 5 |  5.6
Fire Magic     | 1 2 3 4 5 |  5.6
Ice Magic      | 1 2 3 4 5 |  5.6
Air Magic      | 1 2 3 4 5 |  5.6
Earth Magic    | 1 2 3 4 5 |  5.6
Poison Magic   | 1 2 3 4 5 |  5.6
Fighting       | 5 6 7 8 |  8.3
Dodging        | 5 6 7 8 |  8.3
Stealth        | 3 4 5 6 7 |  7.2
Bows           | 9 10 | 10.8

Action                   |  1- 3 |  4- 6 |  7- 9 | 10-12 || total
-------------------------+-------+-------+-------+-------++-------
Melee: Short sword       |    76 |     3 |       |       ||    79
       Bite              |     4 |     4 |     9 |    66 ||    83
       Hand axe          |       |    54 |    56 |    51 ||   161
       Shortbow          |       |       |     2 |       ||     2
       Trident           |       |       |       |   344 ||   344
       Punch             |       |       |       |     7 ||     7
 Fire: Shortbow          |    40 |    62 |   458 |    43 ||   603
       Arbalest          |       |       |       |     2 ||     2
Throw: Dart              |    12 |     3 |     4 |     1 ||    20
Invok: Heroism           |       |       |       |     1 ||     1
       Finesse           |       |       |       |     1 ||     1
  Use: Potion            |     1 |       |     3 |     6 ||    10
       Scroll            |       |     1 |    11 |     5 ||    17
 Stab: Sleeping          |       |     1 |       |     9 ||    10
       Distracted        |       |       |       |     1 ||     1
       Invisible         |       |       |       |     1 ||     1
  Eat: Chunk             |       |     4 |     9 |    15 ||    28
       Ration            |       |       |     2 |       ||     2
Armor: Scale mail        |    25 |    24 |   131 |   110 ||   290
       Chain mail        |    20 |       |       |       ||    20
Dodge: Dodged            |    69 |    44 |   245 |   256 ||   614
Block: Buckler           |       |       |       |    80 ||    80
